Quebec Nordiques vs Boston Bruins

Created - Sunday, November 23, 2025 at 08:06

Goals
1 2 3 T
Quebec Nordiques 1 3 1 5
Boston Bruins 1 1 0 2
Shots
1 2 3 T
Quebec Nordiques 7 12 17 36
Boston Bruins 18 7 6 31

1st period

1. Quebec Nordiques , Matthew Knies 32 (Marco Rossi 39) at 5:49
2. Boston Bruins , Jake Neighbours 31 (Jaden Schwartz 56) at 18:45

Penalties :
Mark Kastelic (BOS) for Cross-checking (Minor) at 8:16

2nd period

3. Quebec Nordiques , Alex DeBrincat 41 (Connor McDavid 70) at 5:00
4. Quebec Nordiques , Patrick Kane 35 (Rickard Rakell 41, Steven Stamkos 53) at 15:33
5. Quebec Nordiques , Nikolaj Ehlers 26 (Steven Stamkos 54, Matthew Knies 36) at 17:06 (PP)
6. Boston Bruins , Vladimir Tarasenko 34 (Victor Mancini 5) at 17:47 (SH)

Penalties :
Jake Neighbours (BOS) for Roughing (Minor) at 8:06, Ty Emberson (BOS) for High sticking (Double Minor) at 16:30

3rd period

7. Quebec Nordiques , Michael McCarron 8 (Frederick Gaudreau 27, Shane Pinto 25) at 15:05

Penalties :
No Penalty

Goalie Stats

Lukas Dostal (QUE), 29 saves from 31 shots - (0.935), W, 12-8-1, 60:00 minutes
Leevi Merilainen (BOS), 31 saves from 36 shots - (0.861), L, 18-12-2, 60:00 minutes

Players Stats for Quebec Nordiques

Player Name              G  A  P  +/- PIM S  H  SB GA TA FO     MP     PP MP  PK MP  
------------------------------------------------------------------------------------
Alex DeBrincat           1  0  1   0  0   2  2  0  0  0  0/1    19:26   3:38   0:00 
Alex Vlasic              0  0  0  -1  0   1  1  0  0  0  0/0    23:05   2:17   0:00 
Alexandre Carrier        0  0  0   1  0   2  1  1  0  0  0/0    13:45   0:00   0:00 
Brock Faber              0  0  0   0  0   2  2  1  0  1  0/0    19:10   0:00   0:00 
Connor McDavid           0  1  1   0  0   5  0  0  1  1  16/24  20:20   4:16   0:00 
Frederick Gaudreau       0  1  1   1  0   2  0  0  2  0  0/0     8:33   0:00   0:00 
Jake Middleton           0  0  0   1  0   1  0  0  0  0  0/0    13:45   0:00   0:00 
Marco Rossi              0  1  1   1  0   2  0  0  0  1  3/11   14:16   0:09   0:00 
Matt Duchene             0  0  0   0  0   2  1  0  0  2  5/9    19:26   3:38   0:00 
Matthew Knies            1  1  2   0  0   3  0  0  2  1  0/0    16:41   2:46   0:00 
Michael Anderson         0  0  0   2  0   1  0  0  0  1  0/0    18:27   0:00   0:00 
Michael McCarron         1  0  1   1  0   1  2  0  0  0  0/0     8:55   0:09   0:00 
Nikolaj Ehlers           1  0  1   0  0   1  0  0  0  0  0/0    16:41   2:46   0:00 
Patrick Kane             1  0  1   0  0   3  0  0  0  0  0/0    17:19   2:17   0:00 
Rickard Rakell           0  1  1   1  0   3  0  2  0  0  1/1    18:47   3:38   0:00 
Shane Pinto              0  1  1   1  0   1  0  0  0  1  4/4     8:55   0:09   0:00 
Steven Stamkos           0  2  2   0  0   3  2  0  2  0  8/14   17:45   2:46   0:00 
Thomas Harley            0  0  0   2  0   1  3  0  1  1  0/0    24:44   4:16   0:00 

Players Stats for Boston Bruins

Player Name              G  A  P  +/- PIM S  H  SB GA TA FO     MP     PP MP  PK MP  
------------------------------------------------------------------------------------
Alex Laferriere          0  0  0   1  0   2  3  1  0  0  4/8    18:50   0:00   3:14 
Beck Malenstyn           0  0  0   0  0   1  1  0  0  0  0/0     8:53   0:00   0:00 
Fabian Lysell            0  0  0   0  0   0  0  0  2  0  0/0     8:53   0:00   0:00 
Jaden Schwartz           0  1  1   1  0   2  2  0  0  0  9/20   15:54   0:00   0:30 
Jake Neighbours          1  0  1   2  2   2  1  0  1  1  1/1    17:21   0:00   2:16 
Joel Farabee             0  0  0  -1  0   3  1  0  1  2  0/2    13:09   0:00   0:03 
John Marino              0  0  0   0  0   1  0  4  0  0  0/0    20:13   0:00   3:05 
Mark Kastelic            0  0  0  -1  2   0  3  0  0  0  6/15   13:42   0:00   0:00 
Maxim Tsyplakov          0  0  0  -3  0   6  1  0  1  0  0/0    15:02   0:00   0:00 
Rasmus Sandin            0  0  0   1  0   1  4  0  0  0  0/0    26:35   0:00   4:27 
Ryan Strome              0  0  0  -3  0   5  1  0  1  0  6/9    18:40   0:00   2:55 
Sam Colangelo            0  0  0   0  0   0  0  1  2  0  1/5     9:06   0:00   0:00 
Samuel Girard            0  0  0  -1  0   2  0  2  0  1  0/0    15:20   0:00   0:00 
Ty Emberson              0  0  0  -2  4   1  3  3  0  2  0/0    23:50   0:00   1:59 
Urho Vaakanainen         0  0  0  -1  0   0  1  2  0  0  0/0    15:21   0:00   0:00 
Victor Mancini           0  1  1  -1  0   1  1  2  0  2  0/0    19:23   0:00   3:35 
Viktor Arvidsson         0  0  0  -1  0   0  0  0  1  0  0/1    14:33   0:00   0:50 
Vladimir Tarasenko       1  0  1  -2  0   4  0  0  0  0  0/3    18:39   0:00   3:18 

3 Stars

1 - Matthew Knies (QUE)
2 - Michael McCarron (QUE)
3 - Alex DeBrincat (QUE)

Power Play

Quebec Nordiques - 1 on 4 Attempt(s) - 25.00%
Boston Bruins - 0 on 0 Attempt(s) - 0.00%

Penalty Kill

Quebec Nordiques - 0 on 0 Attempt(s) - 0.00% - Score 0 goal in Penalty Kill
Boston Bruins - 3 on 4 Attempt(s) - 75.00% - Score 1 goal in Penalty Kill

Team Stat

Quebec Nordiques - Hits : 14 - Faceoff Wins : 37 - Blocked Shots : 4 - Penalty Minutes : 0
Boston Bruins - Hits : 22 - Faceoff Wins : 27 - Blocked Shots : 15 - Penalty Minutes : 8

Official

Referees : Garrett Rank and Ghislain Hebert
Linesman : CJ Murray and Tyson Baker

Game Notes

No Game Note

Finance

Level 1 -- Attendance: 4893 (81.55%) -- Ticket Income $489,300
Level 2 -- Attendance: 3544 (70.88%) -- Ticket Income $212,640
Level 3 -- Attendance: 2384 (79.47%) -- Ticket Income $83,440
Level 4 -- Attendance: 3957 (79.14%) -- Ticket Income $98,925
Luxury Box -- Attendance: 730 (73.00%) -- Ticket Income $146,000
Game was played at the TD Garden.
Total Attendance: 15508 (77.54%)
Total Ticket Income: $1,030,305
Other Income: $360,607
Total Income: $1,390,912

Quebec Nordiques

5 vs 5 Forward 
   Center                   Left Wing                Right Wing               Time % Phy DF OF 
 1 Connor McDavid           Alex DeBrincat           Matt Duchene             32     1   1  3  
 2 Steven Stamkos           Patrick Kane             Rickard Rakell           30     1   1  3  
 3 Marco Rossi              Matthew Knies            Nikolaj Ehlers           28     1   1  3  
 4 Shane Pinto              Frederick Gaudreau       Michael McCarron         10     1   3  1  

5 vs 5 Defense 
   Defense                  Defense                                           Time % Phy DF OF 
 1 Alex Vlasic              Brock Faber                                       36     1   2  2  
 2 Thomas Harley            Michael Anderson                                  34     1   2  2  
 3 Jake Middleton           Alexandre Carrier                                 25     1   2  2  
 4 Alex Vlasic              Thomas Harley                                     5      1   2  2  

PowerPlay Forward 
   Center                   Left Wing                Right Wing               Time % Phy DF OF 
 1 Matt Duchene             Alex DeBrincat           Rickard Rakell           60     1   0  4  
 2 Steven Stamkos           Matthew Knies            Nikolaj Ehlers           40     1   0  4  

PowerPlay Defense
   Defense                  Defense                                           Time % Phy DF OF 
 1 Connor McDavid           Thomas Harley                                     60     1   1  3  
 2 Patrick Kane             Alex Vlasic                                       40     1   1  3  

Penalty Kill 4 Players Forward 
   Center                   Wing                     Time % Phy DF OF 
 1 Shane Pinto              Frederick Gaudreau       60     2   3  0  
 2 Michael McCarron         Matthew Knies            40     2   3  0  

Penalty Kill 4 Players Defense
   Defense                  Defense                  Time % Phy DF OF 
 1 Alex Vlasic              Michael Anderson         60     2   3  0  
 2 Alexandre Carrier        Jake Middleton           40     2   3  0  

Penalty Kill - 3 Players Forward 
   Forward                                           Time % Phy DF OF 
 1 Shane Pinto                                       60     2   3  0  
 2 Michael McCarron                                  40     2   3  0  

Penalty Kill - 3 Players Defense
   Defense                  Defense                  Time % Phy DF OF 
 1 Alex Vlasic              Michael Anderson         60     2   3  0  
 2 Alexandre Carrier        Jake Middleton           40     1   3  0  

4 vs 4 Forward 
   Center                   Wing                     Time % Phy DF OF 
 1 Connor McDavid           Alex DeBrincat           60     1   1  3  
 2 Matt Duchene             Rickard Rakell           40     1   1  3  

4 vs 4 Defense
   Defense                  Defense                  Time % Phy DF OF 
 1 Alex Vlasic              Brock Faber              60     1   2  2  
 2 Thomas Harley            Michael Anderson         40     1   2  2  

Last Minutes Offensive
   Center                   Left Wing                Right Wing               Defense                  Defense                  
   Connor McDavid           Matt Duchene             Alex DeBrincat           Thomas Harley            Brock Faber              

Last Minutes Defensive
   Center                   Left Wing                Right Wing               Defense                  Defense                  
   Shane Pinto              Frederick Gaudreau       Michael McCarron         Alex Vlasic              Michael Anderson         

Goaltenders
Starting : Lukas Dostal             
Backup : Joseph Woll              

Extra Forwards
Normal : Marco Rossi, Patrick Kane, Nikolaj Ehlers - PP : Marco Rossi, Shane Pinto - PK : Matt Duchene
Extra Defensemen
Normal : Alex Vlasic, Jake Middleton, Alexandre Carrier - PP : Alexandre Carrier - PK : Brock Faber, Thomas Harley
Penalty Shots
Alex DeBrincat, Connor McDavid, Matt Duchene, Patrick Kane, Rickard Rakell

Scratches
Connor Brown (Healthy)

Boston Bruins

5 vs 5 Forward 
   Center                   Left Wing                Right Wing               Time % Phy DF OF 
 1 Jaden Schwartz           Jake Neighbours          Alex Laferriere          30     1   2  2  
 2 Ryan Strome              Vladimir Tarasenko       Maxim Tsyplakov          30     1   2  2  
 3 Mark Kastelic            Joel Farabee             Viktor Arvidsson         25     1   2  2  
 4 Sam Colangelo            Beck Malenstyn           Fabian Lysell            15     1   2  2  

5 vs 5 Defense 
   Defense                  Defense                                           Time % Phy DF OF 
 1 Victor Mancini           Ty Emberson                                       30     1   2  2  
 2 Rasmus Sandin            John Marino                                       30     1   2  2  
 3 Samuel Girard            Urho Vaakanainen                                  25     1   2  2  
 4 Rasmus Sandin            Ty Emberson                                       15     1   2  2  

PowerPlay Forward 
   Center                   Left Wing                Right Wing               Time % Phy DF OF 
 1 Jaden Schwartz           Jake Neighbours          Alex Laferriere          50     1   2  2  
 2 Ryan Strome              Vladimir Tarasenko       Maxim Tsyplakov          50     1   2  2  

PowerPlay Defense
   Defense                  Defense                                           Time % Phy DF OF 
 1 Victor Mancini           Ty Emberson                                       50     1   2  2  
 2 Rasmus Sandin            John Marino                                       50     1   2  2  

Penalty Kill 4 Players Forward 
   Center                   Wing                     Time % Phy DF OF 
 1 Vladimir Tarasenko       Jake Neighbours          50     1   2  2  
 2 Alex Laferriere          Ryan Strome              50     1   2  2  

Penalty Kill 4 Players Defense
   Defense                  Defense                  Time % Phy DF OF 
 1 Victor Mancini           Ty Emberson              50     1   2  2  
 2 Rasmus Sandin            John Marino              50     1   2  2  

Penalty Kill - 3 Players Forward 
   Forward                                           Time % Phy DF OF 
 1 Alex Laferriere                                   50     1   2  2  
 2 Jake Neighbours                                   50     1   2  2  

Penalty Kill - 3 Players Defense
   Defense                  Defense                  Time % Phy DF OF 
 1 Victor Mancini           Ty Emberson              50     1   2  2  
 2 Rasmus Sandin            John Marino              50     1   2  2  

4 vs 4 Forward 
   Center                   Wing                     Time % Phy DF OF 
 1 Joel Farabee             Jake Neighbours          50     1   2  2  
 2 Alex Laferriere          Ryan Strome              50     1   2  2  

4 vs 4 Defense
   Defense                  Defense                  Time % Phy DF OF 
 1 Victor Mancini           Ty Emberson              50     1   2  2  
 2 Rasmus Sandin            John Marino              50     1   2  2  

Last Minutes Offensive
   Center                   Left Wing                Right Wing               Defense                  Defense                  
   Jaden Schwartz           Jake Neighbours          Alex Laferriere          Victor Mancini           Ty Emberson              

Last Minutes Defensive
   Center                   Left Wing                Right Wing               Defense                  Defense                  
   Jaden Schwartz           Jake Neighbours          Alex Laferriere          Victor Mancini           Ty Emberson              

Goaltenders
Starting : Leevi Merilainen         
Backup : Petr Mrazek              

Extra Forwards
Normal : Sam Colangelo, Joel Farabee, Viktor Arvidsson - PP : Sam Colangelo, Joel Farabee - PK : Viktor Arvidsson
Extra Defensemen
Normal : Ty Emberson, John Marino, Rasmus Sandin - PP : Rasmus Sandin - PK : Ty Emberson, Rasmus Sandin
Penalty Shots
Viktor Arvidsson, Jake Neighbours, Alex Laferriere, Ryan Strome, Vladimir Tarasenko

Scratches
Aatu Raty (Healthy), Adam Wilsby (Healthy), Taylor Raddysh (Healthy), Sam Morton (Healthy), Jakob Pelletier (Healthy)

% Time on Ice - Quebec Nordiques

Lines # - Real PCT - Wanted PCT - Time Play
Normal Forward
1 - 30% - 32% - 16:01
2 - 28% - 30% - 14:59
3 - 26% - 28% - 13:54
4 - 16% - 10% - 8:33
Normal Defense
1 - 37% - 36% - 19:37
2 - 35% - 34% - 18:31
3 - 26% - 25% - 13:45
4 - 3% - 5% - 1:34
PP Forward
1 - 58% - 60% - 3:47
2 - 42% - 40% - 2:46
PP Defense
1 - 65% - 60% - 4:16
2 - 35% - 40% - 2:17
PK Forward
1 - 0% - 60%
2 - 0% - 40%
PK Defense
1 - 0% - 60%
2 - 0% - 40%
PK3 Forward
1 - 0% - 60%
2 - 0% - 40%
PK3 Defense
1 - 0% - 60%
2 - 0% - 40%
44 Forward
1 - 0% - 60%
2 - 0% - 40%
44 Defense
1 - 0% - 60%
2 - 0% - 40%
Last Minute Offensive  - 0:00
Last Minute Defensive  - 0:00
Total
Forward - 60:00
Defense - 60:00

% Time on Ice - Boston Bruins

Lines # - Real PCT - Wanted PCT - Time Play
Normal Forward
1 - 29% - 30% - 15:46
2 - 29% - 30% - 15:45
3 - 24% - 25% - 13:03
4 - 17% - 15% - 8:53
Normal Defense
1 - 28% - 30% - 15:13
2 - 29% - 30% - 15:44
3 - 29% - 25% - 15:21
4 - 13% - 15% - 7:09
PP Forward
1 - 0% - 50%
2 - 0% - 50%
PP Defense
1 - 0% - 50%
2 - 0% - 50%
PK Forward
1 - 55% - 50% - 3:38
2 - 45% - 50% - 2:55
PK Defense
1 - 55% - 50% - 3:35
2 - 45% - 50% - 2:58
PK3 Forward
1 - 0% - 50%
2 - 0% - 50%
PK3 Defense
1 - 0% - 50%
2 - 0% - 50%
44 Forward
1 - 0% - 50%
2 - 0% - 50%
44 Defense
1 - 0% - 50%
2 - 0% - 50%
Last Minute Offensive  - 0:00
Last Minute Defensive  - 0:00
Total
Forward - 60:00
Defense - 60:00

Play-by-Play

1st period


0:01 of 1st period - Jaden Schwartz wins face-off versus Connor McDavid in neutral zone.
0:06 of 1st period - Wrist shot by Jake Neighbours.
0:06 of 1st period - Stopped by Lukas Dostal without a rebound.
0:07 of 1st period - Jaden Schwartz wins face-off versus Connor McDavid in Quebec Nordiques zone.
0:41 of 1st period - Snap shot by Steven Stamkos.
0:41 of 1st period - Stopped by Leevi Merilainen without a rebound.
0:42 of 1st period - Marco Rossi wins face-off versus Viktor Arvidsson in Boston Bruins zone.
1:36 of 1st period - Snap shot by Ryan Strome.
1:36 of 1st period - Shot Misses the Net.
1:55 of 1st period - Backhand shot by Alex Laferriere.
1:55 of 1st period - Stopped by Lukas Dostal with a rebound.
2:01 of 1st period - Snap shot by Matt Duchene.
2:01 of 1st period - Shot Misses the Net.
2:33 of 1st period - Off-side.
2:34 of 1st period - Sam Colangelo wins face-off versus Steven Stamkos in neutral zone.
2:37 of 1st period - Snap shot by Sam Colangelo.
2:37 of 1st period - Shot Misses the Net.
2:42 of 1st period - Off-side.
2:43 of 1st period - Ryan Strome wins face-off versus Marco Rossi in neutral zone.
2:56 of 1st period - Slapshot by Matthew Knies.
2:56 of 1st period - Shot Blocked by John Marino.
2:58 of 1st period - Slapshot by Alexandre Carrier.
2:58 of 1st period - Stopped by Leevi Merilainen without a rebound.
2:59 of 1st period - Connor McDavid wins face-off versus Jaden Schwartz in Boston Bruins zone.
3:10 of 1st period - Snap shot by Matt Duchene.
3:10 of 1st period - Shot Misses the Net.
3:12 of 1st period - Slapshot by Alex Vlasic.
3:12 of 1st period - Stopped by Leevi Merilainen with a rebound.
5:00 of 1st period - Snap shot by Vladimir Tarasenko.
5:00 of 1st period - Deflect By Maxim Tsyplakov.
5:00 of 1st period - Stopped by Lukas Dostal without a rebound.
5:01 of 1st period - Connor McDavid wins face-off versus Mark Kastelic in Quebec Nordiques zone.
5:26 of 1st period - Ty Emberson is hit by Brock Faber and loses puck.
5:49 of 1st period - Wrist shot by Matthew Knies.
5:49 of 1st period - Goal by Matthew Knies - Quebec Nordiques : 1 - Boston Bruins : 0.
5:50 of 1st period - Marco Rossi wins face-off versus Mark Kastelic in neutral zone.
6:01 of 1st period - Wrist shot by Mark Kastelic.
6:01 of 1st period - Shot Misses the Net.
6:20 of 1st period - Michael Anderson is hit by Maxim Tsyplakov and loses puck.
6:37 of 1st period - Wrist shot by Jaden Schwartz.
6:37 of 1st period - Stopped by Lukas Dostal with a rebound.
7:58 of 1st period - Snap shot by Jaden Schwartz.
7:58 of 1st period - Stopped by Lukas Dostal with a rebound.
8:00 of 1st period - Wrist shot by Alex Laferriere.
8:00 of 1st period - Shot Misses the Net.
8:06 of 1st period - Snap shot by Alex Laferriere.
8:06 of 1st period - Stopped by Lukas Dostal without a rebound.
8:07 of 1st period - Steven Stamkos wins face-off versus Mark Kastelic in Quebec Nordiques zone.
8:11 of 1st period - Off-side.
8:12 of 1st period - Steven Stamkos wins face-off versus Joel Farabee in neutral zone.
8:16 of 1st period - Minor Penalty to Mark Kastelic for Cross-checking.
8:17 of 1st period - Matt Duchene wins face-off versus Vladimir Tarasenko in Boston Bruins zone.
10:16 of 1st period - Penalty to Mark Kastelic is over, Mark Kastelic is back on ice.
10:44 of 1st period - Alexandre Carrier is hit by Urho Vaakanainen and loses puck.
13:49 of 1st period - Slapshot by Ryan Strome.
13:49 of 1st period - Stopped by Lukas Dostal without a rebound.
13:50 of 1st period - Steven Stamkos wins face-off versus Ryan Strome in Quebec Nordiques zone.
13:50 of 1st period - Steven Stamkos is hit by Ryan Strome.
15:08 of 1st period - Off-side.
15:09 of 1st period - Ryan Strome wins face-off versus Steven Stamkos in neutral zone.
15:12 of 1st period - Snap shot by Ryan Strome.
15:12 of 1st period - Stopped by Lukas Dostal without a rebound.
15:13 of 1st period - Ryan Strome wins face-off versus Steven Stamkos in Quebec Nordiques zone.
15:20 of 1st period - Slapshot by Ryan Strome.
15:20 of 1st period - Shot Blocked by Rickard Rakell.
15:22 of 1st period - Snap shot by Vladimir Tarasenko.
15:22 of 1st period - Stopped by Lukas Dostal with a rebound.
15:24 of 1st period - Slapshot by Vladimir Tarasenko.
15:24 of 1st period - Deflect By Maxim Tsyplakov.
15:24 of 1st period - Stopped by Lukas Dostal with a rebound.
15:26 of 1st period - Slapshot by Rasmus Sandin.
15:26 of 1st period - Stopped by Lukas Dostal with a rebound.
15:28 of 1st period - Slapshot by John Marino.
15:28 of 1st period - Stopped by Lukas Dostal without a rebound.
15:29 of 1st period - Mark Kastelic wins face-off versus Alex DeBrincat in Quebec Nordiques zone.
16:19 of 1st period - Off-side.
16:20 of 1st period - Jaden Schwartz wins face-off versus Marco Rossi in neutral zone.
17:32 of 1st period - Wrist shot by Matthew Knies.
17:32 of 1st period - Shot Misses the Net.
18:29 of 1st period - Wrist shot by Vladimir Tarasenko.
18:29 of 1st period - Stopped by Lukas Dostal with a rebound.
18:31 of 1st period - Slapshot by Victor Mancini.
18:31 of 1st period - Shot Misses the Net.
18:33 of 1st period - Slapshot by Victor Mancini.
18:33 of 1st period - Shot Blocked by Brock Faber.
18:35 of 1st period - Slapshot by Ryan Strome.
18:35 of 1st period - Stopped by Lukas Dostal with a rebound.
18:37 of 1st period - Slapshot by Victor Mancini.
18:37 of 1st period - Stopped by Lukas Dostal with a rebound.
18:39 of 1st period - Snap shot by Vladimir Tarasenko.
18:39 of 1st period - Shot Blocked by Rickard Rakell.
18:41 of 1st period - Snap shot by Vladimir Tarasenko.
18:41 of 1st period - Stopped by Lukas Dostal with a rebound.
18:43 of 1st period - Snap shot by Vladimir Tarasenko.
18:43 of 1st period - Deflect By Maxim Tsyplakov.
18:43 of 1st period - Stopped by Lukas Dostal without a rebound.
18:44 of 1st period - Jaden Schwartz wins face-off versus Connor McDavid in Quebec Nordiques zone.
18:45 of 1st period - Snap shot by Jake Neighbours.
18:45 of 1st period - Goal by Jake Neighbours - Quebec Nordiques : 1 - Boston Bruins : 1.
18:46 of 1st period - Jaden Schwartz wins face-off versus Connor McDavid in neutral zone.
19:17 of 1st period - Wrist shot by Matthew Knies.
19:17 of 1st period - Stopped by Leevi Merilainen with a rebound.
19:35 of 1st period - Icing by Thomas Harley.
19:36 of 1st period - Steven Stamkos wins face-off versus Sam Colangelo in Quebec Nordiques zone.
19:47 of 1st period - Wrist shot by Patrick Kane.
19:47 of 1st period - Stopped by Leevi Merilainen with a rebound.
19:49 of 1st period - Snap shot by Michael Anderson.
19:49 of 1st period - Stopped by Leevi Merilainen with a rebound.
Goals for this period are 1 for Quebec Nordiques vs 1 for Boston Bruins.
Shots for this period are 7 for Quebec Nordiques vs 18 for Boston Bruins.

2nd period


0:01 of 2nd period - Jaden Schwartz wins face-off versus Connor McDavid in neutral zone.
0:51 of 2nd period - Rickard Rakell is hit by Ty Emberson and loses puck.
1:52 of 2nd period - Wrist shot by Maxim Tsyplakov.
1:52 of 2nd period - Stopped by Lukas Dostal with a rebound.
1:54 of 2nd period - Snap shot by Samuel Girard.
1:54 of 2nd period - Stopped by Lukas Dostal with a rebound.
1:56 of 2nd period - Wrist shot by Samuel Girard.
1:56 of 2nd period - Deflect By Maxim Tsyplakov.
1:56 of 2nd period - Shot Misses the Net.
1:56 of 2nd period - Puck is out of play.
1:57 of 2nd period - Connor McDavid wins face-off versus Jaden Schwartz in Quebec Nordiques zone.
2:06 of 2nd period - Snap shot by Matt Duchene.
2:06 of 2nd period - Shot Blocked by John Marino.
2:08 of 2nd period - Slapshot by Alex DeBrincat.
2:08 of 2nd period - Shot Misses the Net.
2:10 of 2nd period - Wrist shot by Brock Faber.
2:10 of 2nd period - Stopped by Leevi Merilainen with a rebound.
2:12 of 2nd period - Slapshot by Brock Faber.
2:12 of 2nd period - Deflect By Jake Neighbours.
2:12 of 2nd period - Stopped by Leevi Merilainen without a rebound.
2:13 of 2nd period - Mark Kastelic wins face-off versus Marco Rossi in Boston Bruins zone.
2:22 of 2nd period - Michael Anderson is hit by Mark Kastelic and loses puck.
4:49 of 2nd period - Jake Neighbours is hit by Michael McCarron and loses puck.
4:54 of 2nd period - Wrist shot by Frederick Gaudreau.
4:54 of 2nd period - Stopped by Leevi Merilainen without a rebound.
4:55 of 2nd period - Shane Pinto wins face-off versus Mark Kastelic in Boston Bruins zone.
4:58 of 2nd period - Snap shot by Frederick Gaudreau.
4:58 of 2nd period - Stopped by Leevi Merilainen without a rebound.
4:59 of 2nd period - Connor McDavid wins face-off versus Mark Kastelic in Boston Bruins zone.
5:00 of 2nd period - Snap shot by Alex DeBrincat.
5:00 of 2nd period - Goal by Alex DeBrincat - Quebec Nordiques : 2 - Boston Bruins : 1.
5:01 of 2nd period - Connor McDavid wins face-off versus Joel Farabee in neutral zone.
5:12 of 2nd period - Slapshot by Connor McDavid.
5:12 of 2nd period - Stopped by Leevi Merilainen without a rebound.
5:13 of 2nd period - Jaden Schwartz wins face-off versus Marco Rossi in Boston Bruins zone.
5:18 of 2nd period - Alex Vlasic is hit by Jaden Schwartz and loses puck.
5:39 of 2nd period - Marco Rossi is hit by Ty Emberson and loses puck.
5:44 of 2nd period - Wrist shot by Maxim Tsyplakov.
5:44 of 2nd period - Stopped by Lukas Dostal without a rebound.
5:45 of 2nd period - Connor McDavid wins face-off versus Ryan Strome in Quebec Nordiques zone.
6:14 of 2nd period - Wrist shot by Maxim Tsyplakov.
6:14 of 2nd period - Stopped by Lukas Dostal without a rebound.
6:15 of 2nd period - Mark Kastelic wins face-off versus Steven Stamkos in Quebec Nordiques zone.
6:16 of 2nd period - Wrist shot by Joel Farabee.
6:16 of 2nd period - Stopped by Lukas Dostal without a rebound.
6:17 of 2nd period - Mark Kastelic wins face-off versus Steven Stamkos in Quebec Nordiques zone.
6:48 of 2nd period - Off-side.
6:49 of 2nd period - Connor McDavid wins face-off versus Sam Colangelo in neutral zone.
6:51 of 2nd period - Off-side.
6:52 of 2nd period - Jake Neighbours wins face-off versus Connor McDavid in neutral zone.
6:54 of 2nd period - Off-side.
6:55 of 2nd period - Connor McDavid wins face-off versus Jaden Schwartz in neutral zone.
7:25 of 2nd period - Wrist shot by Joel Farabee.
7:25 of 2nd period - Shot Misses the Net.
7:27 of 2nd period - Slapshot by Joel Farabee.
7:27 of 2nd period - Stopped by Lukas Dostal without a rebound.
7:28 of 2nd period - Mark Kastelic wins face-off versus Marco Rossi in Quebec Nordiques zone.
8:06 of 2nd period - Minor Penalty to Jake Neighbours for Roughing.
8:07 of 2nd period - Alex Laferriere wins face-off versus Matt Duchene in Boston Bruins zone.
8:33 of 2nd period - Nikolaj Ehlers is hit by Rasmus Sandin and loses puck.
9:08 of 2nd period - Matt Duchene is hit by Ty Emberson and loses puck.
9:49 of 2nd period - Rickard Rakell is hit by Jaden Schwartz.
10:06 of 2nd period - Penalty to Jake Neighbours is over, Jake Neighbours is back on ice.
11:45 of 2nd period - Mark Kastelic is hit by Michael McCarron and loses puck.
13:06 of 2nd period - Slapshot by Shane Pinto.
13:06 of 2nd period - Deflect By Frederick Gaudreau.
13:06 of 2nd period - Shot Misses the Net.
13:06 of 2nd period - Puck is out of play.
13:07 of 2nd period - Shane Pinto wins face-off versus Mark Kastelic in Boston Bruins zone.
13:56 of 2nd period - Wrist shot by Patrick Kane.
13:56 of 2nd period - Shot Blocked by John Marino.
14:34 of 2nd period - Frederick Gaudreau is hit by Joel Farabee and loses puck.
14:57 of 2nd period - Icing by Thomas Harley.
14:58 of 2nd period - Jaden Schwartz wins face-off versus Connor McDavid in Quebec Nordiques zone.
15:33 of 2nd period - Slapshot by Rickard Rakell.
15:33 of 2nd period - Deflect By Patrick Kane.
15:33 of 2nd period - Goal by Patrick Kane - Quebec Nordiques : 3 - Boston Bruins : 1.
15:34 of 2nd period - Connor McDavid wins face-off versus Jaden Schwartz in neutral zone.
15:47 of 2nd period - Wrist shot by Connor McDavid.
15:47 of 2nd period - Stopped by Leevi Merilainen without a rebound.
15:48 of 2nd period - Marco Rossi wins face-off versus Vladimir Tarasenko in Boston Bruins zone.
16:13 of 2nd period - Thomas Harley is hit by Alex Laferriere and loses puck.
16:30 of 2nd period - Double Minor Penalty to Ty Emberson for High sticking.
16:31 of 2nd period - Matt Duchene wins face-off versus Alex Laferriere in Boston Bruins zone.
16:32 of 2nd period - Slapshot by Connor McDavid.
16:32 of 2nd period - Shot Blocked by Victor Mancini.
16:44 of 2nd period - Slapshot by Connor McDavid.
16:44 of 2nd period - Stopped by Leevi Merilainen with a rebound.
16:46 of 2nd period - Slapshot by Thomas Harley.
16:46 of 2nd period - Shot Misses the Net.
17:04 of 2nd period - Wrist shot by Steven Stamkos.
17:04 of 2nd period - Shot Misses the Net.
17:06 of 2nd period - Snap shot by Nikolaj Ehlers.
17:06 of 2nd period - Goal by Nikolaj Ehlers - Quebec Nordiques : 4 - Boston Bruins : 1.
17:07 of 2nd period - Matt Duchene wins face-off versus Alex Laferriere in neutral zone.
17:39 of 2nd period - Slapshot by Jake Neighbours.
17:39 of 2nd period - Shot Misses the Net.
17:47 of 2nd period - Slapshot by Vladimir Tarasenko.
17:47 of 2nd period - Goal by Vladimir Tarasenko - Quebec Nordiques : 4 - Boston Bruins : 2.
17:48 of 2nd period - Matt Duchene wins face-off versus Alex Laferriere in neutral zone.
17:59 of 2nd period - Snap shot by Alex DeBrincat.
17:59 of 2nd period - Deflect By Matt Duchene.
17:59 of 2nd period - Shot Misses the Net.
17:59 of 2nd period - Puck is out of play.
18:00 of 2nd period - Matt Duchene wins face-off versus Alex Laferriere in Boston Bruins zone.
18:01 of 2nd period - Slapshot by Connor McDavid.
18:01 of 2nd period - Shot Blocked by John Marino.
18:15 of 2nd period - Snap shot by Connor McDavid.
18:15 of 2nd period - Deflect By Matt Duchene.
18:15 of 2nd period - Shot Misses the Net.
18:15 of 2nd period - Puck is out of play.
18:16 of 2nd period - Alex Laferriere wins face-off versus Matt Duchene in Boston Bruins zone.
18:16 of 2nd period - Alex Laferriere is hit by Alex DeBrincat.
18:40 of 2nd period - Jake Neighbours is hit by Thomas Harley and loses puck.
18:45 of 2nd period - Snap shot by Steven Stamkos.
18:45 of 2nd period - Stopped by Leevi Merilainen with a rebound.
18:47 of 2nd period - Wrist shot by Matthew Knies.
18:47 of 2nd period - Stopped by Leevi Merilainen with a rebound.
18:49 of 2nd period - Snap shot by Steven Stamkos.
18:49 of 2nd period - Shot Misses the Net.
18:58 of 2nd period - Off-side.
18:59 of 2nd period - Alex Laferriere wins face-off versus Matt Duchene in neutral zone.
19:06 of 2nd period - Penalty to Ty Emberson is over, Ty Emberson is back on ice.
19:16 of 2nd period - Icing by Ryan Strome.
19:17 of 2nd period - Alex Laferriere wins face-off versus Marco Rossi in Boston Bruins zone.
19:48 of 2nd period - Wrist shot by Connor McDavid.
19:48 of 2nd period - Deflect By Matt Duchene.
19:48 of 2nd period - Shot Misses the Net.
19:48 of 2nd period - Puck is out of play.
19:49 of 2nd period - Connor McDavid wins face-off versus Mark Kastelic in Boston Bruins zone.
Goals for this period are 3 for Quebec Nordiques vs 1 for Boston Bruins.
Shots for this period are 12 for Quebec Nordiques vs 7 for Boston Bruins.

3rd period


0:01 of 3rd period - Steven Stamkos wins face-off versus Jaden Schwartz in neutral zone.
0:34 of 3rd period - Alex DeBrincat is hit by Mark Kastelic and loses puck.
1:01 of 3rd period - Snap shot by Shane Pinto.
1:01 of 3rd period - Shot Misses the Net.
1:21 of 3rd period - Wrist shot by Nikolaj Ehlers.
1:21 of 3rd period - Shot Misses the Net.
1:32 of 3rd period - Icing by Steven Stamkos.
1:33 of 3rd period - Connor McDavid wins face-off versus Jaden Schwartz in Quebec Nordiques zone.
1:42 of 3rd period - Slapshot by Connor McDavid.
1:42 of 3rd period - Shot Blocked by Ty Emberson.
1:44 of 3rd period - Snap shot by Connor McDavid.
1:44 of 3rd period - Shot Misses the Net.
1:46 of 3rd period - Snap shot by Matt Duchene.
1:46 of 3rd period - Shot Blocked by Alex Laferriere.
1:48 of 3rd period - Snap shot by Matt Duchene.
1:48 of 3rd period - Stopped by Leevi Merilainen with a rebound.
1:50 of 3rd period - Wrist shot by Alex DeBrincat.
1:50 of 3rd period - Deflect By Connor McDavid.
1:50 of 3rd period - Stopped by Leevi Merilainen without a rebound.
1:51 of 3rd period - Steven Stamkos wins face-off versus Mark Kastelic in Boston Bruins zone.
1:54 of 3rd period - Wrist shot by Steven Stamkos.
1:54 of 3rd period - Stopped by Leevi Merilainen with a rebound.
1:56 of 3rd period - Slapshot by Rickard Rakell.
1:56 of 3rd period - Stopped by Leevi Merilainen with a rebound.
1:58 of 3rd period - Slapshot by Jake Middleton.
1:58 of 3rd period - Shot Blocked by Ty Emberson.
2:00 of 3rd period - Slapshot by Jake Middleton.
2:00 of 3rd period - Deflect By Joel Farabee.
2:00 of 3rd period - Stopped by Leevi Merilainen with a rebound.
2:02 of 3rd period - Slapshot by Alexandre Carrier.
2:02 of 3rd period - Shot Blocked by Ty Emberson.
2:40 of 3rd period - Wrist shot by Beck Malenstyn.
2:40 of 3rd period - Stopped by Lukas Dostal with a rebound.
2:58 of 3rd period - Snap shot by Marco Rossi.
2:58 of 3rd period - Shot Blocked by Urho Vaakanainen.
3:20 of 3rd period - Wrist shot by Marco Rossi.
3:20 of 3rd period - Stopped by Leevi Merilainen with a rebound.
3:32 of 3rd period - Wrist shot by Matthew Knies.
3:32 of 3rd period - Shot Misses the Net.
3:48 of 3rd period - Snap shot by Marco Rossi.
3:48 of 3rd period - Stopped by Leevi Merilainen with a rebound.
4:06 of 3rd period - Beck Malenstyn is hit by Thomas Harley and loses puck.
4:15 of 3rd period - Snap shot by Marco Rossi.
4:15 of 3rd period - Shot Blocked by Samuel Girard.
4:17 of 3rd period - Slapshot by Thomas Harley.
4:17 of 3rd period - Stopped by Leevi Merilainen without a rebound.
4:18 of 3rd period - Ryan Strome wins face-off versus Steven Stamkos in Boston Bruins zone.
4:44 of 3rd period - Alex DeBrincat is hit by Rasmus Sandin.
5:04 of 3rd period - Snap shot by Shane Pinto.
5:04 of 3rd period - Stopped by Leevi Merilainen with a rebound.
5:15 of 3rd period - Frederick Gaudreau is hit by Mark Kastelic.
6:10 of 3rd period - Viktor Arvidsson is hit by Alex Vlasic and loses puck.
6:21 of 3rd period - Joel Farabee is hit by Alexandre Carrier.
6:53 of 3rd period - Brock Faber is hit by Jake Neighbours and loses puck.
7:04 of 3rd period - Victor Mancini is hit by Steven Stamkos and loses puck.
7:26 of 3rd period - Icing by Alex Vlasic.
7:27 of 3rd period - Shane Pinto wins face-off versus Sam Colangelo in Quebec Nordiques zone.
8:51 of 3rd period - Off-side.
8:52 of 3rd period - Shane Pinto wins face-off versus Sam Colangelo in neutral zone.
8:59 of 3rd period - Backhand shot by Michael Anderson.
8:59 of 3rd period - Shot Blocked by Urho Vaakanainen.
9:01 of 3rd period - Wrist shot by Michael Anderson.
9:01 of 3rd period - Deflect By Michael McCarron.
9:01 of 3rd period - Shot Blocked by Sam Colangelo.
9:01 of 3rd period - Puck is out of play.
9:02 of 3rd period - Ryan Strome wins face-off versus Connor McDavid in Boston Bruins zone.
9:02 of 3rd period - Ryan Strome is hit by Thomas Harley.
9:14 of 3rd period - Slapshot by Ryan Strome.
9:14 of 3rd period - Stopped by Lukas Dostal with a rebound.
9:16 of 3rd period - Snap shot by Ryan Strome.
9:16 of 3rd period - Deflect By Maxim Tsyplakov.
9:16 of 3rd period - Shot Misses the Net.
9:16 of 3rd period - Puck is out of play.
9:17 of 3rd period - Rickard Rakell wins face-off versus Jaden Schwartz in Quebec Nordiques zone.
9:43 of 3rd period - Rasmus Sandin is hit by Brock Faber and loses puck.
10:28 of 3rd period - Shane Pinto is hit by Alex Laferriere and loses puck.
10:43 of 3rd period - John Marino is hit by Steven Stamkos and loses puck.
10:47 of 3rd period - Icing by Ryan Strome.
10:48 of 3rd period - Connor McDavid wins face-off versus Ryan Strome in Boston Bruins zone.
11:43 of 3rd period - Wrist shot by Matthew Knies.
11:43 of 3rd period - Shot Misses the Net.
12:46 of 3rd period - Nikolaj Ehlers is hit by Victor Mancini.
12:58 of 3rd period - Slapshot by Ty Emberson.
12:58 of 3rd period - Deflect By Steven Stamkos.
12:58 of 3rd period - Stopped by Lukas Dostal without a rebound.
12:59 of 3rd period - Steven Stamkos wins face-off versus Jaden Schwartz in Quebec Nordiques zone.
12:59 of 3rd period - Steven Stamkos is hit by Alex Laferriere.
13:11 of 3rd period - Thomas Harley is hit by Rasmus Sandin and loses puck.
13:17 of 3rd period - Icing by Michael Anderson.
13:18 of 3rd period - Steven Stamkos wins face-off versus Mark Kastelic in Quebec Nordiques zone.
13:32 of 3rd period - Snap shot by Patrick Kane.
13:32 of 3rd period - Shot Misses the Net.
13:34 of 3rd period - Snap shot by Patrick Kane.
13:34 of 3rd period - Shot Misses the Net.
13:36 of 3rd period - Snap shot by Rickard Rakell.
13:36 of 3rd period - Stopped by Leevi Merilainen with a rebound.
13:38 of 3rd period - Snap shot by Rickard Rakell.
13:38 of 3rd period - Shot Misses the Net.
13:40 of 3rd period - Snap shot by Patrick Kane.
13:40 of 3rd period - Stopped by Leevi Merilainen with a rebound.
13:42 of 3rd period - Snap shot by Thomas Harley.
13:42 of 3rd period - Shot Misses the Net.
13:44 of 3rd period - Slapshot by Patrick Kane.
13:44 of 3rd period - Shot Hit the Post.
13:46 of 3rd period - Wrist shot by Rickard Rakell.
13:46 of 3rd period - Stopped by Leevi Merilainen without a rebound.
13:47 of 3rd period - Connor McDavid wins face-off versus Jaden Schwartz in Boston Bruins zone.
13:48 of 3rd period - Wrist shot by Alex DeBrincat.
13:48 of 3rd period - Stopped by Leevi Merilainen without a rebound.
13:49 of 3rd period - Connor McDavid wins face-off versus Jaden Schwartz in Boston Bruins zone.
13:52 of 3rd period - Snap shot by Connor McDavid.
13:52 of 3rd period - Stopped by Leevi Merilainen with a rebound.
14:04 of 3rd period - Wrist shot by Alex DeBrincat.
14:04 of 3rd period - Shot Blocked by Victor Mancini.
14:40 of 3rd period - Jake Middleton is hit by Beck Malenstyn and loses puck.
15:05 of 3rd period - Slapshot by Michael McCarron.
15:05 of 3rd period - Goal by Michael McCarron - Quebec Nordiques : 5 - Boston Bruins : 2.
15:06 of 3rd period - Connor McDavid wins face-off versus Jaden Schwartz in neutral zone.
15:09 of 3rd period - Rasmus Sandin is hit by Alex DeBrincat and loses puck.
15:22 of 3rd period - Wrist shot by Matt Duchene.
15:22 of 3rd period - Stopped by Leevi Merilainen with a rebound.
15:43 of 3rd period - Wrist shot by Joel Farabee.
15:43 of 3rd period - Stopped by Lukas Dostal without a rebound.
15:44 of 3rd period - Ryan Strome wins face-off versus Matt Duchene in Quebec Nordiques zone.
15:49 of 3rd period - Slapshot by Ryan Strome.
15:49 of 3rd period - Shot Misses the Net.
15:51 of 3rd period - Snap shot by Maxim Tsyplakov.
15:51 of 3rd period - Shot Misses the Net.
15:53 of 3rd period - Snap shot by Ryan Strome.
15:53 of 3rd period - Shot Misses the Net.
15:55 of 3rd period - Wrist shot by Vladimir Tarasenko.
15:55 of 3rd period - Shot Blocked by Alexandre Carrier.
15:57 of 3rd period - Slapshot by Samuel Girard.
15:57 of 3rd period - Stopped by Lukas Dostal with a rebound.
17:18 of 3rd period - Maxim Tsyplakov is hit by Matt Duchene and loses puck.
17:36 of 3rd period - Icing by Jaden Schwartz.
17:37 of 3rd period - Jaden Schwartz wins face-off versus Marco Rossi in Boston Bruins zone.
18:12 of 3rd period - Wrist shot by Ryan Strome.
18:12 of 3rd period - Stopped by Lukas Dostal with a rebound.
18:14 of 3rd period - Slapshot by Samuel Girard.
18:14 of 3rd period - Shot Misses the Net.
18:39 of 3rd period - Icing by Urho Vaakanainen.
18:40 of 3rd period - Mark Kastelic wins face-off versus Marco Rossi in Boston Bruins zone.
19:09 of 3rd period - Wrist shot by Connor McDavid.
19:09 of 3rd period - Shot Blocked by Samuel Girard.
19:11 of 3rd period - Slapshot by Alexandre Carrier.
19:11 of 3rd period - Stopped by Leevi Merilainen without a rebound.
19:12 of 3rd period - Connor McDavid wins face-off versus Vladimir Tarasenko in Boston Bruins zone.
19:23 of 3rd period - Snap shot by Connor McDavid.
19:23 of 3rd period - Shot Hit the Post.
19:45 of 3rd period - Alex Vlasic is hit by Rasmus Sandin and loses puck.
Goals for this period are 1 for Quebec Nordiques vs 0 for Boston Bruins.
Shots for this period are 17 for Quebec Nordiques vs 6 for Boston Bruins.